 Dungeon Crawl Stone Soup version 0.30-b1-2-g02819fbbbe (webtiles) character file.

Game seed: 9518475585462390623

352 dorian the Chopper (level 6, -7/32 (50) HPs)
             Began as a Formicid Fighter on May 19, 2023.
             Killed by nerve-wracking pain
             ... invoked by an orc priest
              (14 damage)
             ... on level 4 of the Dungeon.
             The game lasted 00:04:52 (2710 turns).

dorian the Chopper (Formicid Fighter)               Turns: 2710, Time: 00:04:53

HP:   -7/32 (50)    AC: 11    Str: 23    XL:     6   Next: 93%
MP:   6/6           EV:  8    Int:  7    God:
Gold: 167           SH:  5    Dex: 13    Spells: 5/5 levels left

rFire   . . .        a - +0 war axe
rCold   . . .        c - +0 buckler
rNeg    . . .        j - +1 chain mail
rPois   .            (helmet unavailable)
rElec   .            o - +0 cloak
rCorr   .            (no gloves)
SInv    +            (no boots)
Will    .....        (no amulet) Stlth
                     h - +4 ring of slaying
HPRegen 0.25/turn    (no ring)
MPRegen 0.10/turn

%: no passive effects
@: very heavily drained
A: permanent stasis, dig shafts and tunnels, antennae 3, four strong arms
a: Dig, Shaft Self


You were on level 4 of the Dungeon.
You visited 1 branch of the dungeon, and saw 4 of its levels.
You also visited: Sewer.

You collected 167 gold pieces.

Inventory:

Hand Weapons
 a - a +0 war axe (weapon)
Armour
 b - a +0 scale mail
 c - a +0 buckler (worn)
 f - a scarf of harm
 j - a +1 chain mail (worn)
 o - a +0 cloak (worn)
Jewellery
 h - a +4 ring of slaying (left hand)
Scrolls
 r - 3 scrolls of identify
 u - a scroll of enchant weapon {unknown}
Potions
 d - a potion of might
 e - 2 potions of brilliance
 g - 2 potions of degeneration
 i - a potion of flight
 k - 3 potions of ambrosia
 l - 2 potions of mutation
 m - 2 potions of curing
 n - 2 potions of lignification
 p - a potion of attraction
 q - a potion of magic {unknown}
 s - a potion of heal wounds
 t - a potion of experience {unknown}


   Skills:
 + Level 4.8 Fighting
 * Level 5.0 Axes
 + Level 4.8 Armour
 - Level 4.0 Shields


You had 5 spell levels left.
You didn't know any spells.
Your spell library contained the following spells:

 Spells                   Type           Power      Damage    Failure   Level
 Sublimation of Blood     Necr           0%         N/A       99%         2
 Wereblood                Tmut           0%         N/A       99%         2
 Conjure Ball Lightning   Conj/Air       0%         3x3d6     100%        6
 Summon Hydra             Summ           0%         N/A       100%        7
 Discord                  Hex            0%         N/A       100%        8
 Disjunction              Tloc           0%         N/A       100%        8


Dungeon Overview and Level Annotations

Branches:
Dungeon (4/15)              Sewer (visited)
 Temple: D:4-7

Altars:

Shops:
D:2 =


Innate Abilities, Weirdness & Mutations

You cannot be hasted, slowed, berserked, paralysed or teleported.
You can dig through walls and to a lower floor.
You have a pair of large antennae on your head. (SInv)
Your four strong arms can wield two-handed weapons with a shield.


Message History

You slash the orc wizard!
The orc wizard is almost dead.
The orc wizard points at you and mumbles some strange words.
The magic dart hits you.
You miss the orc wizard.
The orc wizard is almost dead.
The orc wizard casts a spell at you. The magic dart hits you!
The orc wizard casts a spell at you.
The magic dart hits you but does no damage.
You closely miss the orc wizard.
The orc wizard is almost dead.
The orc wizard gestures wildly while chanting.
The orc wizard flickers and vanishes for a moment.
You slash the orc wizard!
You kill the orc wizard!
Your Axes skill increases to level 5!
No target in view!
No target in view!
Unknown command.
An orc priest comes into view. It is wielding a +0 war axe.
Things that are here:
a +0 club; a +0 robe; an orc corpse The orc priest invokes the aid of Beogh against you.
You struggle to resist.
You slash the orc priest!
The orc priest is heavily wounded.
The orc priest invokes the aid of Beogh against you.
Beogh smites you!
* * * LOW HITPOINT WARNING * * *
You hit the orc priest.
The orc priest is severely wounded.
The orc priest completely misses you.
The orc priest hits you with a +0 war axe.
* * * LOW HITPOINT WARNING * * *
You hit the orc priest.
The orc priest is almost dead.
The orc priest invokes the aid of Beogh against you.
Pain shoots through your body!
You die...

o... #.# .... #.# .....
#.# ..... #.# ......#.#
......#.####
....^......# ###
#######)#. ..#
#...@ooo#.
###.######.#####.#. ## #
#........#.#...#.#. .#
#.#.#.####.#.#.......#.#
#..............##+##...#
####..######..##...##..#
.####..# #..#..#..#..#
.......# #..#.#?#.#o.#
.####..# #..+..#..'..#


You could see 2 orc priests and an orc.

Vanquished Creatures
  A scorpion (D:4)
  3 orc wizards (D:4)
  3 gnolls (D:3)
  7 adders
  5 river rats
  A worm (D:3)
  3 orcs
  5 bats
  12 endoplasms
  2 giant cockroaches (D:3)
  5 hobgoblins
  3 quokkas (D:2)
  10 ball pythons
  8 frilled lizards
  2 goblins
  6 kobolds
  14 rats
90 creatures vanquished.

Notes
Turn   | Place    | Note
-------+----------+-------------------------------------------
     0 | D:1      | dorian the Formicid Fighter began the quest for the Orb.
     0 | D:1      | Reached XP level 1. HP: 18/18 MP: 1/1
   130 | D:1      | Reached XP level 2. HP: 22/24 MP: 2/2
   388 | D:1      | Reached XP level 3. HP: 28/29 MP: 3/3
   599 | D:2      | Found Xuitu's Jewellery Emporium.
   693 | D:2      | Reached skill level 3 in Axes
  1014 | D:2      | Reached XP level 4. HP: 37/37 MP: 4/4
  1564 | D:3      | Found a glowing drain.
  1570 | D:3      | Reached XP level 5. HP: 42/42 MP: 5/5
  1583 | Sewer    | Entered a sewer
  1597 | Sewer    | Reached skill level 4 in Axes
  1731 | Sewer    | Reached XP level 6. HP: 43/49 MP: 6/6
  2704 | D:4      | Reached skill level 5 in Axes
  2710 | D:4      | Killed from afar by an orc priest

Illustrated notes

Levels and vault maps discovered:
D:1:      dpeg_arrival_arbitrary_c, layout_rooms, st_stairs_9
D:2:      layout_loops_ring, serial_shops, shop
D:3:      layout_rooms, portal_sewer_entry_a, kennysheep_generic_room_3
D:4:      layout_basic, old_standard_altar, minmay_box_of_dots

Skill      XL: |  1  2  3  4  5  6 |
---------------+-------------------+-----
Axes           | 3 4 5 |  5.0
Armour         | 4 |  4.8
Fighting       | 4 |  4.8
Shields        | |  4.0

Action                     |  1- 3 |  4- 6 || total
---------------------------+-------+-------++-------
  Melee: War axe           |    93 |   122 ||   215
Ability: Dig               |       |     3 ||     3
    Use: Scroll            |     5 |     8 ||    13
         Potion            |       |     1 ||     1
 Armour: Scale mail        |    14 |       ||    14
         Chain mail        |    28 |    59 ||    87
  Dodge: Dodged            |    57 |    43 ||   100
  Block: Buckler           |    24 |    30 ||    54
